 Dungeon Crawl Stone Soup version 0.32-a0-131-g9dbbe29261 (webtiles) character file.

Game seed: 15029067018533878265

127224 grandjackal the Warrior (level 16, 0/143 HPs)
             Began as a Demonspawn Gladiator on Feb 9, 2024.
             Was the Champion of Dithmenos.
             Collided with a rock wall (8 damage)
             ... after being knocked back by a deep elf knight
             ... on level 1 of the Elven Halls.
             The game lasted 00:50:20 (26480 turns).

grandjackal the Warrior (Demonspawn Gladiator)     Turns: 26480, Time: 00:50:21

Health: 0/143      AC: 18    Str: 14    XL:     16   Next: 22%
Magic:  0/26       EV: 17    Int: 16    God:    Dithmenos [******]
Gold:   1684       SH:  7    Dex: 22    Spells: 15/15 levels left

rFire   + . .        M - +5 scimitar (freeze)
rCold   + . .        G - +0 buckler
rNeg    + . .        q - +2 ring mail "Zuim" {rCorr Int+6}
rPois   .            (helmet restricted)
rElec   .            s - +2 cloak
rCorr   +            n - +0 pair of gloves of the Mind {rF+ rN+}
SInv    .            S - +2 pair of boots {rampage}
Will    +....        e - amulet of Ylumel {Spirit Regen+}
Stlth   ++++++++     W - ring of protection from cold
HPRegen 1.23/turn    F - +5 ring of evasion
MPRegen 0.40/turn

%: guardian spirit, rampage
@: wreathed by umbra
A: antennae 2, slimy green scales 2, powered by death 2, magic shield, magic
regeneration, magic link
a: Renounce Religion, Shadow Step, Shadow Form


You were on level 1 of the Elven Halls.
You worshipped Dithmenos.
Dithmenos was exalted by your worship.
You visited 5 branches of the dungeon, and saw 24 of its levels.
You also visited: Bailey, Gauntlet and Ice Cave.

You collected 2314 gold pieces.
You spent 630 gold pieces at shops.

Inventory:

Hand Weapons
 u - a +2 short sword of flaming
 M - a +5 scimitar of freezing (weapon)
Missiles
 d - 5 throwing nets (quivered)
Armour
 b - a +3 plate armour of poison resistance
 m - a +1 chain mail of fire resistance
 n - the +0 pair of gloves of the Mind (worn) {rF+ rN+}
   (You acquired it on level 9 of the Dungeon)

   rF+:       It protects you from fire.
   rN+:       It protects you from negative energy.
 q - the +2 ring mail "Zuim" (worn) {rCorr Int+6}
   (You found it on level 7 of the Dungeon)

   Int+6:     It affects your intelligence (+6).
   rCorr:     It protects you from acid and corrosion.
 r - a +0 plate armour of cold resistance
 s - a +2 cloak (worn)
 G - a +0 buckler (worn)
 S - a +2 pair of boots of rampaging (worn)
 Z - a +0 kite shield
Jewellery
 e - the amulet of Ylumel (around neck) {Spirit Regen+}
   (You found it in a Gauntlet)

   [amulet of guardian spirit]

   Spirit:    It causes incoming damage to be divided between your reserves of
   health and magic.
   Regen+:    It increases your rate of health regeneration.
 t - a ring of see invisible
 v - a ring of flight
 F - a +5 ring of evasion (right hand)
 R - a ring of protection from fire
 W - a ring of protection from cold (left hand)
Wands
 a - a wand of light (14)
 p - a wand of flame (20)
 w - a wand of iceblast (37)
 x - a wand of charming (5)
 N - a wand of polymorph (7)
Scrolls
 c - a scroll of acquirement
 g - 2 scrolls of fear
 j - 12 scrolls of teleportation
 y - a scroll of silence
 z - 6 scrolls of vulnerability
 B - 3 scrolls of blinking
 C - 3 scrolls of fog
 D - a scroll of torment
 I - 3 scrolls of enchant weapon
 K - 2 scrolls of brand weapon
 L - a scroll of enchant armour
 U - 3 scrolls of poison
 V - 4 scrolls of identify
 Y - 2 scrolls of revelation
Potions
 f - 3 potions of cancellation
 h - 2 potions of invisibility
 i - 5 potions of attraction
 k - 6 potions of mutation
 l - 4 potions of resistance
 o - 9 potions of curing
 A - 5 potions of magic
 E - a potion of might
 H - 5 potions of heal wounds
 J - 2 potions of berserk rage
 O - a potion of lignification
 P - 3 potions of enlightenment
 Q - 3 potions of haste
 X - a potion of ambrosia
Miscellaneous
 T - a box of beasts


   Skills:
 + Level 18.2 Fighting
 - Level 14.0 Long Blades
 - Level 2.0 Throwing
 - Level 5.2 Armour
 - Level 3.0 Dodging
 - Level 10.0 Stealth
 + Level 8.2 Shields
 - Level 14.5 Invocations


You had 15 spell levels left.
You didn't know any spells.
Your spell library contained the following spells:

 Spells                   Type           Power      Damage    Failure   Level
 Apportation              Tloc           0%         N/A       52%         1
 Sandblast                Erth           0%         2d4       52%         1
 Shock                    Conj/Air       0%         1d3       52%         1
 Blink                    Tloc           0%         N/A       67%         2
 Call Imp                 Summ           0%         N/A       67%         2
 Cigotuvi's Dreadful Rot  Necr/Alch/Air  0%         N/A       67%         2
 Ensorcelled Hibernation  Hex/Ice        0%         N/A       67%         2
 Jinxbite                 Hex            0%         N/A       67%         2
 Lesser Beckoning         Tloc           0%         N/A       67%         2
 Mercury Vapours          Alch/Air       0%         N/A       67%         2
 Momentum Strike          Conj/Tloc      0%         3d8       67%         2
 Scorch                   Fire           0%         2d5       67%         2
 Sublimation of Blood     Necr           0%         N/A       67%         2
 Hailstorm                Conj/Ice       0%         3d5       88%         3
 Mephitic Cloud           Conj/Alch/Air  0%         N/A       88%         3
 Passwall                 Erth           0%         N/A       88%         3
 Stone Arrow              Conj/Erth      0%         3d7       88%         3
 Summon Ice Beast         Ice/Summ       0%         N/A       88%         3
 Swiftness                Air            0%         N/A       88%         3
 Airstrike                Air            0%         2d(0-16)  99%         4
 Animate Armour           Summ/Erth      0%         N/A       99%         4
 Brom's Barrelling Bould  Conj/Erth      0%         2d3       99%         4
 Dispel Undead            Necr           0%         3d6       99%         4
 Flame Wave               Conj/Fire      0%         2d4       99%         4
 Martyr's Knell           Necr/Summ      0%         N/A       99%         4
 Olgreb's Toxic Radiance  Alch           0%         N/A       99%         4
 Petrify                  Alch/Erth      0%         N/A       99%         4
 Summon Lightning Spire   Summ/Air       0%         N/A       99%         4
 Alistair's Intoxication  Alch           0%         N/A       100%        5
 Fireball                 Conj/Fire      0%         3d3       100%        5
 Freezing Cloud           Conj/Ice/Air   0%         6-21      100%        5
 Irradiate                Conj/Alch      0%         3d11      100%        5
 Iskenderun's Battlesphe  Conj           0%         2d6       100%        5
 Lee's Rapid Deconstruct  Erth           0%         3d4*      100%        5
 Conjure Ball Lightning   Conj/Air       0%         3x3d6     100%        6
 Death Channel            Necr           0%         N/A       100%        6
 Sculpt Simulacrum        Ice/Alch       0%         N/A       100%        6
 Summon Cactus Giant      Summ           0%         N/A       100%        6
 Orb of Destruction       Conj           0%         9d5       100%        7
 Ozocubu's Refrigeration  Ice            0%         4d7       100%        7
 Summon Hydra             Summ           0%         N/A       100%        7
 Discord                  Hex            0%         N/A       100%        8


Dungeon Overview and Level Annotations

Branches:
Dungeon (15/15)            Temple (1/1) D:5            Lair (5/5) D:10
  Swamp (0/4) Lair:3       Spider (0/4) Lair:2        Slime (0/5) Lair:5
    Orc (2/2) D:9             Elf (1/3) Orc:2        Vaults (0/5) D:13
 Depths (0/4) D:15         Bailey (visited)           IceCv (visited)
Gauntlet (visited)

Altars:
Ashenzari
Cheibriados
Dithmenos
Fedhas
Gozag
Hepliaklqana
Kikubaaqudgha
Makhleb
Nemelex Xobeh
Okawaru
Qazlal
Ru
Sif Muna
Trog
Uskayaw
Vehumet
Wu Jian
Xom
Yredelemnul
Jiyva
Lugonu

Shops:
D:2 !   D:8 [[[   Orc:1 !   Orc:2 [?[(:   Elf:1 *

Portals:
Abyss: Lair:5
Bazaar: D:13

Annotations:
D:5 2 transporters, zenocrate's ghost, weakling KoDe
D:10 3 runed translucent doors, Ceno's ghost, journeyman DjFE
Elf:1 exclusion: orange crystal statue


Innate Abilities, Weirdness & Mutations

You have a pair of antennae on your head.
You are mostly covered in slimy green scales. (AC +3)
You regenerate health from kills.
When hurt, damage is shared between your health and your magic reserves.
You regenerate magic rapidly.
When low on magic, you restore magic in place of health.


Message History

Deactivating autopickup; reactivate with Ctrl-A.
The deep elf knight blocks your attack.
The deep elf knight is moderately wounded.
Something hits you!
* * * LOW HITPOINT WARNING * * *
The deep elf knight misses you.
You hit the deep elf knight. You freeze the deep elf knight.
The deep elf knight is heavily wounded.
Your shadow hits the deep elf knight but does no damage.
Something hits you but does no damage.
The deep elf knight hits you with a +0 scimitar!!
* * * LOW HITPOINT WARNING * * *
You emit a cloud of dark smoke.
You block something's attack.
You slice the deep elf knight!! You freeze the deep elf knight.
You kill the deep elf knight!
Dithmenos accepts your kill. Something hits you.
* * * LOW HITPOINT WARNING * * *
Unknown command.
You hit something. You freeze something. Something hits you!
* * * LOW HITPOINT WARNING * * *
You hit something. You freeze something.
Your shadow hits something with a scimitar.
Something hits you but does no damage.
You hit something. You freeze something.
Your shadow hits something but does no damage.
You hear some strange, mumbled words.
A shard of ice appears from out of thin air!
The shard of ice hits you!! You partially resist.
* * * LOW HITPOINT WARNING * * *
You miss something. Something hits you but does no damage.
You feel much better. Something hits you!
* * * LOW HITPOINT WARNING * * *
You hear some strange, mumbled words.
A lance of force appears from out of thin air!
The lance of force hits you.
* * * LOW HITPOINT WARNING * * *
You are knocked back by the lance of force.
You slam into the rock wall!
You die...

## ##)...##...§§§§....(......
##.#........§§§......#.#...
##.###..##.............#....
##.#...#.##§§§§........#.....
##.##.>.##.#§{§§.......##.....
#)#.#...#.#§§§§§........#.....
##.#.###.#.#§§§§.........##...
##.#.#.#.##.§§§§....)....#...
##.#.#.###.@§......#........
##.#.## ######.######.##...
##.## #.∩.# #...... ###.###
####.#.## #.#....
#..#..###...###.#####.#####
#.###......#...#......#
#..#..###.##.>.##.#####
###.### #[.#...#.## ###
#.#.###.##


There were no monsters in sight!

Vanquished Creatures
  Jorgrun (Orc:2)
  Gastronok (D:10)
  A deep elf sorcerer (Elf:1)
  An orc warlord (Orc:1)
  Nessos (Orc:2)
  A minotaur (Gauntlet)
  7 vault guards
  Erolcha (D:11)
  A rakshasa (D:15)
  2 hydras (D:15)
  A catoblepas (Lair:4)
  Harold (D:10)
  2 centaur warriors (D:14)
  A two-headed ogre (D:15)
  3 ogre magi
  4 dancing weapons (Elf:1)
  2 boulder beetles
  2 occultists (D:15)
  9 death yaks
  An orc high priest (Orc:2)
  A tengu warrior (D:13)
  9 deep elf knights (Elf:1)
  3 thrashing horrors (Lair:5)
  A fire crab (Lair:5)
  Sonja (D:10)
  An arcanist (Elf:1)
  3 deep elf archers (Elf:1)
  12 deep elf zephyrmancers (Elf:1)
  2 necromancers
  15 deep elf pyromancers
  An orc knight (D:15)
  16 orc sorcerers
  3 cyclopes
  A wolf spider (Lair:2)
  16 ugly things
  A large abomination (Lair:5)
  6 elephants (Lair:3)
  4 manticores
  Maurice (D:8)
  3 meliai (D:13)
  2 centaur zombies
  6 black mambas
  A smoke demon (Lair:5)
  A torpor snail (Lair:5)
  2 gargoyles
  8 cane toads
  2 ice statues (IceCv)
  A rime drake (Lair:4)
  A centaur skeleton (D:15)
  3 kobold demonologists
  13 komodo dragons
  A freezing wraith (IceCv)
  A rime drake (shapeshifter) (D:14)
  A yaktaur (D:13)
  A polar bear (shapeshifter) (Lair:5)
  An ice devil (Gauntlet)
  3 polar bears
  4 trolls
  28 blink frogs
  Prince Ribbit (Bailey)
  A meliai zombie (D:11)
  A raiju (Lair:5)
  19 slime creatures
  5 shadows (D:11)
  2 centaur simulacra
  2 air elementals (Elf:1)
  A dire elephant simulacrum (IceCv)
  39 yaks
  3 vampires
  A ynoxinul (Lair:5)
  A spriggan (Lair:5)
  6 wraiths
  4 wyverns
  A fire elemental (Elf:1)
  8 humans
  A redback (Lair:2)
  6 basilisks
  2 wargs (Orc:1)
  4 chaos spawn (Lair:5)
  A steam dragon (D:9)
  10 vampire mosquitoes
  Edmund (D:4)
  An acid dragon (D:10)
  12 water moccasins
  A meliai simulacrum (Gauntlet)
  An ice beast (D:7)
  21 orc warriors
  3 black bears
  14 wolves
  A boggart (Elf:1)
  7 centaurs
  15 ogres
  A phantom (D:4)
  A kobold brigand (D:8)
  15 bullfrogs
  3 earth elementals (Elf:1)
  A gnoll sergeant (D:12)
  7 small abominations (Lair:5)
  4 scorpions
  A hornet simulacrum (Gauntlet)
  12 wights
  An elephant simulacrum (IceCv)
  2 electric eels (D:9)
  3 howler monkeys
  A bombardier beetle (D:4)
  3 hounds
  6 orc priests
  3 sleepcaps
  10 jellies
  Crazy Yiuf (D:7)
  2 gnoll boudas
  Terence (D:3)
  2 iguanas (D:5)
  33 orc wizards
  A polar bear simulacrum (IceCv)
  18 gnolls
  10 adders
  8 white imps
  2 ufetubi (D:7)
  4 dart slugs
  2 ribbon worms
  57 orcs
  4 ball pythons
  9 endoplasms
  3 giant cockroaches
  11 goblins
  11 hobgoblins
  7 jackals
  12 kobolds
  2 quokkas (D:3)
  2 bats (D:1)
  2 frilled lizards (D:1)
  4 rats
701 creatures vanquished.

Vanquished Creatures (collateral kills)
  2 yaks (D:11)
2 creatures vanquished.

Grand Total: 703 creatures vanquished

Notes
Turn   | Place    | Note
-------+----------+-------------------------------------------
     0 | D:1      | grandjackal the Demonspawn Gladiator began the quest for
                  | the Orb.
     0 | D:1      | Reached XP level 1. HP: 16/16 MP: 1/1
   129 | D:1      | Gained mutation: You have a pair of small antennae on your
                  | head. [demonic ancestry]
   129 | D:1      | Reached XP level 2. HP: 19/22 MP: 2/2
   497 | D:1      | Found a faded altar of an unknown god.
   629 | D:2      | Gained mutation: You are partially covered in slimy green
                  | scales. (AC +2) [demonic ancestry]
   629 | D:2      | Reached XP level 3. HP: 5/28 MP: 3/3
   815 | D:2      | Found Ympanon's Distillery.
   823 | D:2      | Bought a potion of heal wounds for 60 gold pieces
   823 | D:2      | Bought a potion of curing for 36 gold pieces
   843 | D:2      | Found a snail-covered altar of Cheibriados.
  1098 | D:2      | Reached skill level 3 in Fighting
  1443 | D:3      | Reached XP level 4. HP: 19/35 MP: 4/4
  1842 | D:3      | Noticed Terence
  1854 | D:3      | Killed Terence
  1981 | D:4      | Noticed a black bear
  1995 | D:4      | Killed a black bear
  1996 | D:4      | Reached skill level 4 in Fighting
  1996 | D:4      | Gained mutation: You have a pair of antennae on your head.
                  | [demonic ancestry]
  1996 | D:4      | Reached XP level 5. HP: 18/42 MP: 5/5
  2147 | D:4      | Noticed Edmund
  2175 | D:4      | Killed Edmund
  2176 | D:4      | Gained mutation: You are mostly covered in slimy green
                  | scales. (AC +3) [demonic ancestry]
  2176 | D:4      | Reached XP level 6. HP: 19/49 MP: 6/6
  2195 | D:4      | Reached skill level 5 in Fighting
  2195 | D:4      | Reached skill level 5 in Long Blades
  2565 | D:4      | Reached XP level 7. HP: 49/56 MP: 7/7
  2846 | D:4      | Found Cojoqi's Armour Emporium.
  2889 | D:5      | Entered Level 5 of the Dungeon
  2926 | D:5      | Reached skill level 6 in Fighting
  3396 | D:5      | Noticed zenocrate's ghost (weakling KoDe)
  3397 | D:5      | Found a transporter.
  3402 | D:5      | Found a transporter.
  3561 | D:5      | Found a staircase to the Ecumenical Temple.
  3570 | Temple   | Entered the Ecumenical Temple
  3615 | Temple   | Became a worshipper of Dithmenos the Shadowed
  3667 | D:6      | Gained mutation: You regenerate magic rapidly. [demonic
                  | ancestry]
  3667 | D:6      | Reached XP level 8. HP: 65/65 MP: 8/8
  3719 | D:5      | Reached skill level 1 in Stealth
  3862 | D:6      | Reached skill level 7 in Fighting
  4459 | D:7      | You are sucked into a shaft and drop 1 floor!
  4482 | D:8      | Found Enieme's Antique Armour Emporium.
  4509 | D:8      | Noticed a deep elf pyromancer
  4517 | D:8      | Killed a deep elf pyromancer
  4518 | D:8      | Reached skill level 8 in Fighting
  4518 | D:8      | Reached XP level 9. HP: 35/74 MP: 9/9
  4687 | D:8      | Reached * piety under Dithmenos
  4717 | D:8      | Found a flagged portal.
  4748 | Bailey   | Entered a bailey
  4805 | Bailey   | Reached skill level 5 in Stealth
  5136 | Bailey   | Reached skill level 9 in Fighting
  5202 | Bailey   | Noticed Prince Ribbit
  5208 | Bailey   | Noticed a vault guard
  5211 | Bailey   | Killed Prince Ribbit
  5260 | Bailey   | Reached XP level 10. HP: 31/83 MP: 10/10
  5262 | Bailey   | Killed a vault guard
  5501 | Bailey   | Noticed a vault guard
  5532 | Bailey   | Killed a vault guard
  5750 | D:8      | Reached ** piety under Dithmenos
  5924 | D:8      | Found Jooheczi's Armour Emporium.
  5930 | D:8      | Bought a +0 pair of gloves of strength for 138 gold pieces
  6012 | D:7      | Reached skill level 10 in Fighting
  6528 | D:7      | Identified the +2 ring mail "Zuim" {rCorr Int+6}
  6990 | D:7      | Found a runed translucent door.
  6991 | D:7      | Noticed Crazy Yiuf
  6999 | D:7      | Killed Crazy Yiuf
  7265 | D:8      | Found Dytemam's Antique Armour Shoppe.
  7421 | D:9      | Noticed Maurice
  7452 | D:8      | Maurice stole 3 throwing nets
  7453 | D:8      | Killed Maurice
  7909 | D:9      | Identified the +0 robe "Mimiug" {rF+ rC+ rCorr Str-4}
  7917 | D:9      | Found a staircase to the Orcish Mines.
  8109 | D:9      | Reached *** piety under Dithmenos
  8110 | D:9      | Reached skill level 10 in Long Blades
  8173 | D:9      | Found a radiant altar of Vehumet.
  8258 | D:9      | Identified a scroll of acquirement
  8261 | D:9      | Acquired the +0 pair of gloves of the Mind {rF+ rN+}
  8291 | D:10     | Entered Level 10 of the Dungeon
  8291 | D:10     | Noticed Harold
  8326 | D:10     | Killed Harold
  8327 | D:10     | Reached XP level 11. HP: 92/92 MP: 11/11
  8488 | D:10     | Found a runed translucent gate.
  8489 | D:10     | Found a runed translucent gate.
  8490 | D:10     | Found a runed translucent gate.
  8493 | D:10     | Noticed Ceno's ghost (journeyman DjFE)
  8570 | D:10     | Noticed Gastronok
  8572 | D:10     | Noticed Sonja
  8597 | D:10     | Killed Gastronok
  8598 | D:10     | Reached skill level 11 in Fighting
  8603 | D:10     | Killed Sonja
  8729 | D:10     | Found an iron altar of Okawaru.
  8851 | D:10     | Noticed a deep elf pyromancer
  8931 | D:10     | Killed a deep elf pyromancer
  9322 | D:10     | Found a staircase to the Lair.
  9733 | D:11     | Found the +3 salamander hide armour {Flames, rFlCloud rF++
                  | rC--}
  9904 | D:11     | Noticed Erolcha
  9951 | D:11     | Killed Erolcha
 10139 | D:11     | Reached **** piety under Dithmenos
 10146 | D:11     | Reached skill level 12 in Fighting
 10548 | D:11     | Reached skill level 10 in Stealth
 10816 | D:11     | Gained mutation: You regenerate a little health from kills.
                  | [demonic ancestry]
 10816 | D:11     | Reached XP level 12. HP: 102/102 MP: 12/12
 10825 | D:11     | Reached skill level 1 in Invocations
 11244 | D:11     | Noticed a boulder beetle
 11251 | D:11     | Killed a boulder beetle
 11608 | D:12     | Found a viscous altar of Jiyva.
 12062 | D:12     | Reached skill level 5 in Invocations
 12537 | D:12     | Reached skill level 13 in Fighting
 13076 | Lair:1   | Entered Level 1 of the Lair of Beasts
 13905 | Lair:2   | Found a transporter.
 13907 | Lair:2   | Noticed a boulder beetle
 13998 | Lair:2   | Found a transporter.
 14027 | Lair:2   | Killed a boulder beetle
 14184 | Lair:2   | Found a hole to the Spider Nest.
 14255 | Lair:2   | Reached XP level 13. HP: 111/111 MP: 18/18
 14596 | Lair:2   | Reached ***** piety under Dithmenos
 15447 | Lair:3   | Reached skill level 14 in Fighting
 15806 | Lair:3   | Identified the +0 leather armour of Vuwkirit {Rampage rElec
                  | Dex-4}
 16044 | Lair:3   | Found a staircase to the Swamp.
 16047 | Lair:3   | You fall into a shaft and drop 2 floors!
 16047 | Lair:5   | Entered Level 5 of the Lair of Beasts
 16270 | Lair:5   | Reached skill level 10 in Invocations
 16712 | Lair:5   | Got an earthy gem with 380 turns to spare
 16881 | Lair:5   | Found a corrupted altar of Lugonu.
 16881 | Lair:5   | Found a one-way gate to the infinite horrors of the Abyss.
 16894 | Lair:5   | Identified the +3 plate armour of Follow the Leader {rC-
                  | rCorr Str+3 Dex+2}
 17140 | Lair:5   | Gained mutation: When hurt, damage is shared between your
                  | health and your magic reserves. [demonic ancestry]
 17140 | Lair:5   | Reached XP level 14. HP: 23/117 MP: 22/22
 17434 | Lair:5   | Reached skill level 15 in Fighting
 17480 | Lair:5   | Found a staircase to the Slime Pits.
 18173 | Lair:4   | Reached skill level 1 in Armour
 19270 | Orc:1    | Entered Level 1 of the Orcish Mines
 19474 | Orc:1    | Noticed an orc warlord
 19491 | Orc:1    | Killed an orc warlord
 19601 | Orc:2    | Entered Level 2 of the Orcish Mines
 19614 | Orc:1    | Found a frozen archway.
 19641 | IceCv    | Entered an ice cave
 19647 | IceCv    | Reached ****** piety under Dithmenos
 19654 | IceCv    | Found a transporter.
 19707 | IceCv    | Found a transporter.
 19745 | IceCv    | Identified the +5 great mace "Stringbean" {flame, rF+ rN++
                  | Str+2 Dex-5}
 19943 | Orc:1    | Found Deam's Distillery.
 19965 | Orc:1    | Bought a potion of berserk rage for 60 gold pieces
 19965 | Orc:1    | Bought a potion of ambrosia for 96 gold pieces
 19965 | Orc:1    | Bought a potion of curing for 36 gold pieces
 19965 | Orc:1    | Bought a potion of might for 48 gold pieces
 19965 | Orc:1    | Bought a potion of enlightenment for 60 gold pieces
 20101 | Orc:2    | Found Gytappao's Armour Shoppe.
 20280 | Orc:2    | Noticed Nessos
 20289 | Orc:2    | Killed Nessos
 20387 | Orc:2    | Found Ciycenn's Book Shoppe.
 20467 | Orc:2    | Found a radiant altar of Vehumet.
 20495 | Orc:2    | Found Divekim's Antique Weapon Shoppe.
 20517 | Orc:2    | Found an ancient bone altar of Kikubaaqudgha.
 20566 | Orc:2    | Found Lihuna Isti's Magic Scroll Emporium.
 20591 | Orc:2    | Found Zytats's Antique Armour Emporium.
 20594 | Orc:2    | Bought a scroll of fog for 48 gold pieces
 20594 | Orc:2    | Bought a scroll of fog for 48 gold pieces
 20674 | Orc:2    | Found a staircase to the Elven Halls.
 20679 | Orc:2    | Noticed Jorgrun
 20689 | Orc:2    | Killed Jorgrun
 20690 | Orc:2    | Reached skill level 16 in Fighting
 21546 | D:13     | Found a gateway to a bazaar.
 21665 | D:13     | Reached skill level 5 in Armour
 21797 | D:13     | Gained mutation: You regenerate health from kills. [demonic
                  | ancestry]
 21797 | D:13     | Reached XP level 15. HP: 106/129 MP: 21/25
 21895 | D:13     | Found a gate to the Vaults.
 21899 | D:13     | Reached skill level 1 in Shields
 22616 | D:14     | Identified the amulet of Modesty {Spirit Str+4 Slay-3}
 22875 | D:15     | Entered Level 15 of the Dungeon
 22875 | D:15     | Found a gate leading to a gauntlet.
 22970 | Gauntlet | Entered a Gauntlet
 22970 | Gauntlet | Found a transporter.
 22970 | Gauntlet | Found a runed translucent door.
 22970 | Gauntlet | Found a runed translucent door.
 22973 | Gauntlet | Found a transporter.
 22975 | Gauntlet | Found a transporter.
 22991 | Gauntlet | Found a transporter.
 22992 | Gauntlet | Found a transporter.
 23002 | Gauntlet | Found a transporter.
 23018 | Gauntlet | Found a transporter.
 23028 | Gauntlet | Found a transporter.
 23038 | Gauntlet | Found a transporter.
 23055 | Gauntlet | Found a transporter.
 23060 | Gauntlet | Found a runed translucent door.
 23062 | Gauntlet | Found a transporter.
 23062 | Gauntlet | Found a transporter.
 23064 | Gauntlet | Found a runed translucent door.
 23241 | Gauntlet | Found a transporter.
 23321 | Gauntlet | Identified the amulet of Ylumel {Spirit Regen+}
 23637 | Gauntlet | Identified the +5 triple sword "Senuoh" {pain, SInv}
 23754 | D:15     | Reached skill level 17 in Fighting
 23921 | D:15     | Reached skill level 5 in Shields
 24795 | D:15     | Found a staircase to the Depths.
 25228 | Elf:1    | Entered Level 1 of the Elven Halls
 25252 | Elf:1    | Paralysed by an air elemental for 1 turns
 25788 | Elf:1    | Gained mutation: When low on magic, you restore magic in
                  | place of health. [demonic ancestry]
 25788 | Elf:1    | Reached XP level 16. HP: 143/143 MP: 26/26
 25929 | Elf:1    | Reached skill level 18 in Fighting
 26120 | Elf:1    | Found Hiesox's Mayhem Merchandise.
 26124 | Elf:1    | Identified the +3 shortbow of the Boiling Point {flame,
                  | Str+2}
 26478 | Elf:1    | HP: 2/143 [something/shard of ice (18)]
 26480 | Elf:1    | Collided with a rock wall

Illustrated notes

Levels and vault maps discovered:
D:1:      beargit_arrival_greenhouse, layout_basic,
          hellmonk_ecumenical_altar_inner_sanctum
D:2:      layout_basic, serial_shops, nicolae_shop_stone, basic_altar
D:3:      layout_rooms, uniq_terence
D:4:      cheibrodos_helix_gallery, layout_rooms, serial_shops,
          kennysheep_little_box, uniq_edmund
D:5:      layout_rooms, lemuel_temple_firewalk_b, gammafunk_ghost_arena
D:6:      layout_rooms, minmay_ruffians
D:7:      layout_basic, uniq_crazy_yiuf_cottage
D:8:      layout_loops_ring, lightli_bailey_entry_fortress, serial_shops, shop,
          nicolae_shop_getting_attention, nicolae_shop_tiny_statue_garden,
          guppyfry_early_elven_hall
D:9:      layout_cave_pools, vehumet_crystals, serial_park, serial_park_gazebo
          [serial_park_minivault_5x5_4], serial_park_fountain,
          serial_park_tiny_2, serial_park_square2,
          amcnicky_mini_corridor_feature, uniq_maurice
D:10:     layout_small_grid, jmf_multi_god_temple2, david_lair_shrubbed,
          gammafunk_ghost_spectres, serial_library,
          serial_library_regret_index_multi, serial_library_hellmonk_octagon,
          serial_library_hellmonk_hallway_b, serial_library_hellmonk_u_bend,
          serial_library_hellmonk_room_b, serial_library_regret_index_multi,
          serial_library_hellmonk_recessed_alcove,
          serial_library_hellmonk_double_dead_end, uniq_gastronok, uniq_sonja,
          uniq_harold
D:11:     layout_layer_cave, serial_undead, serial_undead_a, serial_undead_b,
          serial_undead_e, serial_undead_a, uniq_erolcha
D:12:     layout_stronghold, jiyva_altar_1
D:13:     layout_basic, grunt_vaults_entry_fortified, serial_shops,
          bzr_entry_dummy
D:14:     layout_loops_cross, chequers_mini_garden
D:15:     grunt_enter_depths_magical_seal, layout_layer_cave,
          gauntlet_entry_generic, fountainhead
Temple:   hellmonk_temple_of_storms
Lair:1:   layout_misc_corridors
Lair:2:   gammafunk_boulding_lane, layout_chaotic_city, spider_nest_entry_rubble
Lair:3:   layout_cave_pods, swamp_mist_pool, chequers_serial_rivers_room_b,
          chequers_serial_rivers_large_a, grunt_megastairs_3
Lair:4:   layout_cave_pods, grunt_megastairs_2, serial_bayou_shore_a
Lair:5:   hellmonk_lair_end_abyssal_woods, layout_cave_shapes, slime_entry_2
Orc:1:    layout_diamond_mine, portal_ice_cave_entry_pillars_2, serial_shops,
          nicolae_shop_hallway_plus, mines1_david
Orc:2:    kennysheep_orc_mage_school, layout_caves, serial_shops,
          nicolae_shop_advertising_works [nicolae_subvault_shop_adworks],
          uniq_nessos, uniq_jorgrun
Elf:1:    layout_loops_cross, hangedman_elf_disciples, minmay_shop_mayhem,
          st_stairs_6, minivault_16

Skill      XL: |  1  2  3  4  5  6  7  8  9 10 11 12 13 14 15 16 |
---------------+-------------------------------------------------+-----
Throwing       | 2 |  2.0
Long Blades    | 3 4 5 6 7 8 10 11 12 13 14 | 14.0
Dodging        | 3 |  3.0
Fighting       | 3 4 5 6 8 9 10 12 13 14 16 17 18 | 18.2
Stealth        | 4 6 8 10 | 10.0
Invocations    | 7 11 14 | 14.5
Armour         | 5 |  5.2
Shields        | 7 8 |  8.2

Action                     |  1- 3 |  4- 6 |  7- 9 | 10-12 | 13-15 | 16-18 || total
---------------------------+-------+-------+-------+-------+-------+-------++-------
  Melee: Long sword        |   103 |   136 |    13 |       |       |       ||   252
         Punch             |     7 |     7 |       |    62 |   125 |       ||   201
         Great sword       |       |       |   293 |   188 |       |       ||   481
         Short sword       |       |       |       |   110 |   120 |     6 ||   236
         Scimitar          |       |       |       |   483 |  1101 |    91 ||  1675
  Throw: Throwing net      |       |       |       |     1 |     3 |       ||     4
 Invoke: Shadow Form       |       |       |       |       |     1 |       ||     1
  Evoke: Wand              |       |       |     6 |     5 |       |       ||    11
         Box of beasts     |       |       |       |       |     1 |       ||     1
    Use: Potion            |       |     1 |     5 |     1 |     7 |     1 ||    15
         Scroll            |       |       |     1 |    13 |    12 |       ||    26
   Stab: Sleeping          |       |       |       |    17 |    59 |     5 ||    81
         Held in net/web   |       |       |       |     1 |     4 |       ||     5
         Distracted        |       |       |       |     1 |     5 |       ||     6
         Invisible         |       |       |       |       |     5 |       ||     5
 Armour: Leather armour    |     9 |       |       |       |       |       ||     9
         Skin              |    12 |       |       |       |       |       ||    12
         Chain mail        |    58 |   126 |   364 |    64 |       |       ||   612
         Ring mail         |       |       |       |   391 |   580 |    72 ||  1043
         Plate armour      |       |       |       |       |   130 |       ||   130
  Dodge: Dodged            |    56 |    59 |   216 |   688 |   785 |    33 ||  1837
  Block: Buckler           |       |       |       |       |       |    18 ||    18

Table legend: (Time is in decaauts)
 A = Elapsed time spent in this place.
 B = Non-inter-level travel time spent in this place.
 C = Inter-level travel time spent in this place.
 D = Time resting spent in this place.
 E = Time spent auto-exploring this place.
 F = Levels seen in this place.
 G = Mean time per level.
                   A        B        C        D        E       F      G
               +--------+--------+--------+--------+--------+-----+--------+
         Total |  26130 |  25025 |   1105 |   6181 |  12166 |  27 |  967.8 |
       Dungeon |  15508 |  14764 |    744 |   3082 |   8077 |  15 | 1033.9 |
        Temple |     50 |     50 |      0 |      0 |      0 |   1 |   50.0 |
          Lair |   5783 |   5636 |    147 |   1484 |   2762 |   5 | 1156.6 |
  Orcish Mines |   1650 |   1437 |    213 |    238 |    777 |   2 |  825.0 |
   Elven Halls |   1185 |   1185 |      0 |    244 |    510 |   1 | 1185.0 |
        Bailey |    976 |    976 |      0 |    586 |      0 |   1 |  976.0 |
      Ice Cave |    264 |    264 |      0 |    166 |      0 |   1 |  264.0 |
      Gauntlet |    710 |    710 |      0 |    381 |     40 |   1 |  710.0 |
               +--------+--------+--------+--------+--------+-----+--------+

Top non-repeatable levels by time:
    D:11: 1880 daAuts
  Lair:5: 1789 daAuts
    D:10: 1685 daAuts
    D:12: 1463 daAuts
    D:15: 1382 daAuts
   Elf:1: 1185 daAuts
     D:8: 1181 daAuts
  Lair:3: 1178 daAuts
     D:7: 1171 daAuts
  Lair:2: 1107 daAuts
   Orc:2: 1106 daAuts
  Lair:4: 1060 daAuts
  Bailey: 976 daAuts
    D:13: 974 daAuts
     D:4: 876 daAuts
